 Dungeon Crawl Stone Soup version 0.31-a0-431-g88bdf31460 (webtiles) character file.

Game seed: 6995744502749809781

182 Zonian the Ruffian (level 5, -13/35 HPs)
             Began as an Octopode Shapeshifter on Aug 1, 2023.
             Was a High Priest of Ignis.
             Mangled by an iguana (14 damage)
             ... on level 3 of the Dungeon.
             The game lasted 00:02:53 (1577 turns).

Zonian the Ruffian (Octopode Shapeshifter)          Turns: 1577, Time: 00:02:54

Health: -13/35     AC:  1    Str: 17    XL:     5   Next: 61%
Magic:  5/5        EV: 13    Int: 10    God:    Ignis [*****.]
Gold:   123        SH:  0    Dex: 12    Spells: 4/4 levels left

rFire   + .          .
                       - Unarmed
rCold   . . .        (no shield)
rNeg    . . .        (helmet currently unavailable)
rPois   .            g - amulet of the acrobat
rElec   .            (no ring)
rCorr   .            (no ring)
SInv    .            (no ring)
Will    .....        (no ring)
Stlth   ++           (no ring)
HPRegen 0.25/turn    (no ring)
MPRegen 0.09/turn    (no ring)
                     (no ring)

%: acrobat
@: beast-form
A: beast (slay +2), almost no armour, amphibious, 8 rings, camouflage 1,
gelatinous body 1, (nimble swimmer 1), tentacles
a: Begin Untransformation, Renounce Religion, Fiery Armour, Foxfire Swarm,
Rising Flame


You were on level 3 of the Dungeon.
You worshipped Ignis.
Ignis was extremely pleased with you.
You were a hulking beast.
You visited 1 branch of the dungeon, and saw 3 of its levels.

You collected 123 gold pieces.

Inventory:

Jewellery
 g - an amulet of the acrobat (around mantle)
Talismans
 b - a beast talisman (active)
 j - a blade talisman
Wands
 q - a wand of flame (14)
Scrolls
 c - a scroll of revelation {unknown}
 d - a scroll of poison {unknown}
 e - a scroll of blinking {unknown}
 h - a scroll of teleportation {unknown}
 n - a scroll of immolation {unknown}
 o - a scroll of amnesia {unknown}
 p - a scroll of identify {unknown}
 s - a scroll of enchant weapon {unknown}
Potions
 a - a potion of lignification
 f - 3 potions of heal wounds {unknown}
 i - a potion of degeneration {unknown}
 k - 2 potions of curing {unknown}
 l - a potion of might {unknown}
 m - 2 potions of enlightenment {unknown}
 r - a potion of attraction {unknown}


   Skills:
 + Level 2.6 Fighting
 + Level 3.2 Dodging
 + Level 4.0 Unarmed Combat
 + Level 3.7 Shapeshifting


You had 4 spell levels left.
You didn't know any spells.
Your spell library contained the following spells:

 Spells                   Type           Power      Damage    Failure   Level
 Magic Dart               Conj           0%         1d3       36%         1
 Shock                    Conj/Air       0%         1d3       36%         1
 Cigotuvi's Dreadful Rot  Necr/Pois/Air  0%         N/A       50%         2
 Searing Ray              Conj           0%         2d4       50%         2
 Ignite Poison            Fire/Tmut/Pois 0%         N/A       75%         3
 Swiftness                Air            0%         N/A       75%         3
 Airstrike                Air            0%         2d(0-16)  98%         4
 Fulminant Prism          Conj/Hex       0%         3d5       98%         4
 Freezing Cloud           Conj/Ice/Air   0%         6-21      100%        5


Dungeon Overview and Level Annotations

Branches:
Dungeon (3/15)

Altars:
Ignis

Shops:
D:2 *


Innate Abilities, Weirdness & Mutations

You are a hulking beast.
Your limbs bulge with bestial killing power. (Slay +2)
You cannot wear most types of armour.
You are amphibious.
You can wear up to eight rings at the same time.
Your skin changes colour to match your surroundings (Stealth+).
Your rubbery body absorbs attacks. (AC +1, EV +1)
((You are camouflaged when in or above water. (Stealth+)))
You have tentacles for arms and can constrict up to eight enemies at once.


Message History

Your Unarmed Combat skill increases to level 4!
You tentacle-slap the hobgoblin. Your grab misses the hobgoblin.
The hobgoblin is moderately wounded.
The hobgoblin barely misses you.
You bludgeon the hobgoblin!
You kill the hobgoblin!
The hobgoblin barely misses you.
You tentacle-slap the hobgoblin. You grab the hobgoblin.
The hobgoblin is lightly wounded.
You constrict the hobgoblin, but do no damage.
The hobgoblin barely misses you.
You tentacle-slap the hobgoblin.
You kill the hobgoblin!
The iguana barely misses you. The iguana bites you!
You tentacle-slap the iguana. Your grab misses the iguana.
The iguana is moderately wounded.
The iguana closely misses you. The iguana completely misses you.
You tentacle-slap the iguana. You grab the iguana.
The iguana is moderately wounded.
You constrict the iguana, but do no damage.
You tentacle-slap the iguana but do no damage.
You squeeze the iguana.
The iguana is heavily wounded.
You constrict the iguana. The iguana bites you! The iguana bites you.
You are too injured to fight recklessly!
You are too injured to fight recklessly!
You are too injured to fight recklessly!
Unknown command.
You release your grip on the iguana.
There is an open door here.
You tentacle-slap the iguana. You grab the iguana. You squeeze the iguana.
The iguana is almost dead.
You constrict the iguana, but do no damage.
The iguana bites you!
* * * LOW HITPOINT WARNING * * *
The iguana barely misses you.
Unknown command.
You release your grip on the iguana.
The iguana attacks as you move away! The iguana bites you!
You die...

#.†#....#####.....## ##...
#....##'#(?$#'##...####...#
#..###..#...#..###.........
#.##.#..#...#..#.##.####...
#†'..#..#...#..#.)'..##....
#.##.#..#...#..#.##......#.
#..###[.#..†#.)###......##.
##. .####ll.####...........
#.....##h##...........#.. #
#........#...##.#.##.
######.#....###......
####...#..# ####.#.
#.....#..## #... #........#
###.. #.....##.######....
#.....##.#......#..
#.....##.#.........


You could see 2 iguanas.

Vanquished Creatures
  A hound (D:3)
  2 orc wizards (D:3)
  5 adders
  A worm (D:2)
  4 dart slugs
  3 orcs (D:3)
  5 endoplasms
  A giant cockroach (D:3)
  5 goblins
  4 hobgoblins
  A quokka (D:3)
  6 ball pythons
  2 bats
  5 frilled lizards
  3 kobolds (D:2)
  4 rats
52 creatures vanquished.

Notes
Turn   | Place    | Note
-------+----------+-------------------------------------------
     0 | D:1      | Zonian the Octopode Shapeshifter began the quest for the
                  | Orb.
     0 | D:1      | Reached XP level 1. HP: 13/13 MP: 1/1
   196 | D:1      | Reached XP level 2. HP: 17/18 MP: 2/2
   424 | D:2      | Found a faded altar of an unknown god.
   431 | D:2      | Reached XP level 3. HP: 22/23 MP: 3/3
   434 | D:2      | Prayed at the altar of an unknown god.
   434 | D:2      | Became a worshipper of Ignis, the Dying Flame
   748 | D:2      | Found Nois's Assorted Antiques.
   975 | D:3      | Reached XP level 4. HP: 27/29 MP: 4/4
  1148 | D:3      | Reached XP level 5. HP: 33/35 MP: 5/5
  1568 | D:3      | Reached skill level 4 in Unarmed Combat
  1576 | D:3      | HP: 1/35 [iguana (12)]
  1577 | D:3      | Mangled by an iguana

Illustrated notes

Levels and vault maps discovered:
D:1:      minmay_arrival_radiant_lines, layout_rooms, minivault_25
D:2:      layout_basic, ebering_ecumenical_altar_sacrificial, serial_shops,
          nicolae_shop_competitors_out_of_business
D:3:      layout_rooms, minmay_divided_ellipse

Skill      XL: |  1  2  3  4  5 |
---------------+----------------+-----
Fighting       | 2 |  2.6
Dodging        | 3 |  3.2
Unarmed Combat | 4 |  4.0
Shapeshifting  | |  3.7

Action                     |  1- 3 |  4- 6 || total
---------------------------+-------+-------++-------
  Melee: Unarmed           |    50 |    41 ||    91
         Constrict         |    15 |    14 ||    29
         Tentacles         |    11 |    10 ||    21
         Punch             |       |     2 ||     2
   Stab: Sleeping          |     6 |     3 ||     9
 Armour: Skin              |     4 |     1 ||     5
  Dodge: Dodged            |    32 |    26 ||    58

Table legend: (Time is in decaauts)
 A = Elapsed time spent in this place.
 B = Non-inter-level travel time spent in this place.
 C = Inter-level travel time spent in this place.
 D = Time resting spent in this place.
 E = Time spent auto-exploring this place.
 F = Levels seen in this place.
 G = Mean time per level.
                   A        B        C        D        E       F      G
               +--------+--------+--------+--------+--------+-----+--------+
         Total |   1570 |   1534 |     36 |    200 |    980 |   3 |  523.3 |
       Dungeon |   1570 |   1534 |     36 |    200 |    980 |   3 |  523.3 |
               +--------+--------+--------+--------+--------+-----+--------+

Top non-repeatable levels by time:
     D:3: 671 daAuts
     D:2: 530 daAuts
     D:1: 369 daAuts
